 Dungeon Crawl Stone Soup version 0.17.0-28-g6e173f8 (webtiles) character file.

41411 root the Jinx (level 13, -2/99 HPs)
             Began as a Vampire Enchanter on Nov 27, 2015.
             Was a High Priest of Dithmenos.
             Killed from afar by a deep elf conjurer (25 damage)
             ... with a bolt of fire
             ... on level 1 of the Elven Halls.
             The game lasted 02:46:12 (21576 turns).

root the Jinx (Vampire Enchanter)                  Turns: 21576, Time: 02:46:12

Health: -2/99      AC:  5    Str:  7    XL:     13   Next: 79%
Magic:  16/27      EV: 21    Int: 20    God:    Dithmenos [*****.]
Gold:   1225       SH:  0    Dex: 17    Spells: 4 memorised, 23 levels left

rFire  . . .     SeeInvis +     n - +2 dagger (vamp)
rCold  . . .     Clarity  .     W - +2 robe {MR+}
rNeg   + . .     SustAt   .     (no shield)
rPois  .         Gourm    +     F - +0 hat {MR+}
rElec  .         Spirit   .     r - +0 cloak
rCorr  .         Warding  .     (no gloves)
rMut   .         Stasis   .     (no boots)
MR     +++..                    Y - amulet of the gourmand
Stlth  ++++++++++               D - ring of stealth
                                G - ring of wizardry

@: wreathed by umbra, extremely resistant to hostile enchantments, uncannily
stealthy
A: fangs 3, see invisible, unbreathing
a: Bat Form, Shadow Step, Shadow Form, Renounce Religion


You were on level 1 of the Elven Halls.
You worshipped Dithmenos.
Dithmenos was extremely pleased with you.
You were not thirsty.

You visited 4 branches of the dungeon, and saw 17 of its levels.
You also visited: Ice Cave.

You collected 1807 gold pieces.
You spent 582 gold pieces at shops.

Inventory:

Hand Weapons
 a - a +1 dagger
 n - a +2 vampiric dagger (weapon)
 V - the +4 blowgun of Calamity {evade, Dex+6}
   (You bought it in a shop on level 3 of the Orcish Mines)

   It affects your evasion (+5 to EV).
   It affects your dexterity (+6).
Missiles
 x - 3 throwing nets (quivered)
 Z - 11 poisoned needles
Armour
 b - a +1 robe
 r - a +0 cloak (worn)
 B - the +0 scale mail of the Barracuda {rF+ rC- Dex+4}
   (You found it on level 6 of the Dungeon)

   It affects your dexterity (+4).
   It protects you from fire.
   It makes you vulnerable to cold.
 F - a +0 hat of magic resistance (worn)
 W - a +2 robe of magic resistance (worn)
 X - a +1 robe of magic resistance
Magical Staves
 k - an uncursed staff of poison
Jewellery
 h - an uncursed ring of fire
 w - an uncursed ring of ice
 D - a ring of stealth (right hand)
 E - an uncursed ring of ice
 G - a ring of wizardry (left hand)
 Y - an amulet of the gourmand (around neck)
Wands
 e - a wand of lightning (7)
 i - a wand of disintegration (8)
 v - a wand of paralysis (22)
 A - a wand of polymorph (10)
 H - a wand of frost (19)
 I - a wand of magic darts (26)
 J - a wand of digging (8)
 K - a wand of confusion (9)
 L - a wand of digging (4)
 O - a wand of draining (5)
 Q - a wand of lightning (12)
 R - a wand of cold (12)
 T - a wand of cold (7)
Scrolls
 f - 10 scrolls of identify
 g - a scroll of teleportation
 l - a scroll of recharging
 m - 6 scrolls of random uselessness
 u - 6 scrolls of remove curse
 y - 2 scrolls of blinking
 C - 2 scrolls of enchant armour
 M - a scroll of fog
 U - a scroll of magic mapping
Potions
 d - 36 potions of blood
 j - 2 potions of magic
 o - 2 potions of mutation
 p - 2 potions of heal wounds
 q - 2 potions of lignification
 s - 7 potions of curing
 t - a potion of berserk rage
 z - a potion of agility
Books
 c - a book of Maledictions

   Spells                             Type                      Level
   a - Corona                         Hexes                        1
   b - Ensorcelled Hibernation        Hexes/Ice                    2
   c - Confuse                        Hexes                        3
   d - Tukima's Dance                 Hexes                        3
   e - Dazzling Spray                 Conjuration/Hexes            3
 P - a book of the Warp

   Spells                             Type                      Level
   a - Recall                         Summoning/Translocation      3
   b - Gell's Gravitas                Hexes/Translocation          3
   c - Force Lance                    Conjuration/Translocation    4
   d - Phase Shift                    Translocation                5
   e - Warp Weapon                    Charms/Translocation         5
   f - Summon Forest                  Summoning/Translocation      5
 S - a book of Ice

   Spells                             Type                      Level
   a - Ice Form                       Ice/Transmutation            4
   b - Metabolic Englaciation         Hexes/Ice                    5
   c - Ozocubu's Refrigeration        Ice                          6
   d - Bolt of Cold                   Conjuration/Ice              6
   e - Freezing Cloud                 Conjuration/Ice/Air          6
   f - Simulacrum                     Ice/Necromancy               6
Miscellaneous
 N - a phial of floods


   Skills:
 + Level 8.3 Fighting
 + Level 11.8 Short Blades
 + Level 12.0 Dodging
 + Level 11.5 Stealth
 - Level 10.0 Spellcasting
 + Level 14.9 Hexes


You had 23 spell levels left.
You knew the following spells:

 Your Spells              Type           Power        Failure   Level  Hunger
a - Corona                Hex            ######.      0%          1    None
b - Confuse               Hex            ######..     1%          3    None
c - Ensorcelled Hibernat  Hex/Ice        #####.       1%          2    None
d - Dazzling Spray        Conj/Hex       #####...     1%          3    None


Dungeon Overview and Level Annotations

Branches:
Dungeon (11/15)            Temple (1/1) D:6            Lair (0/8) D:10
    Orc (4/4) D:11            Elf (1/3) Orc:4

Altars:
Ashenzari
Cheibriados
Dithmenos
Elyvilon
Fedhas
Gozag
Kikubaaqudgha
Makhleb
Nemelex Xobeh
Okawaru
Qazlal
Ru
Sif Muna
Trog
Vehumet
Xom
Yredelemnul
Zin
The Shining One

Shops:
D:5 *   D:7 (   Orc:1 ?   Orc:3 ?*%((   Orc:4 (%}?

Portals:
Pandemonium: Orc:4
Trove: D:10 (give +6 demon trident)


Innate Abilities, Weirdness & Mutations

You have razor-sharp teeth.
You have supernaturally acute eyesight.
You can survive without breathing.


Message History

The deep elf conjurer misses you.
You hit the deep elf conjurer.
The deep elf conjurer is lightly wounded.
The deep elf conjurer gestures at you while chanting.
The bolt of lightning hits you!
* * * LOW HITPOINT WARNING * * *
The bolt of lightning misses you.
You barely miss the deep elf conjurer.
The deep elf conjurer is lightly wounded.
Casting: Dazzling Spray
Confirm with . or Enter, or press ? or * to list all spells.
Aiming: Dazzling Spray
Press: ? - help, Shift-Dir - straight line, f/p - deep elf conjurer
Aim: a deep elf conjurer, wielding a short sword (lightly wounded, umbra)
The spray of energy misses the deep elf conjurer.
The spray of energy hits the deep elf summoner.
The deep elf summoner is lightly wounded.
The deep elf conjurer points at you and mumbles some strange words.
The bolt of fire hits you!
You die...

##...##.##
##.....'###
..%
##.........+
#+.
#....>)...##
##
#.........#
#
#...%.^..##
# ##......##
..
##..e.##...#
##@e.'....#
##'##.##.
#.# #.# #.#
#.# #.# #.#
#.#


You could see a deep elf summoner and a deep elf conjurer.

Vanquished Creatures
  Maud (D:10)
  A frost giant (IceCv)
  Erolcha (D:9)
  Erica (D:8)
  The ghost of 4thArraOfDagon the Cleaver, a novice MiBe of Trog (IceCv)
  3 death yaks (IceCv)
  4 orc high priests (Orc:4)
  The ghost of 4thArraOfDagon the Grappler, a journeyman VSWr of Cheibriados (IceCv)
  A deep elf knight (Elf:1)
  A gelid demonspawn (Orc:4)
  A putrid demonspawn (Orc:4)
  An unseen horror (D:10)
  2 hill giants (D:11)
  5 orc knights
  8 orc sorcerers
  2 deep elf summoners (Elf:1)
  Pikel (D:5)
  A deep elf conjurer (Elf:1)
  A cyclops (D:11)
  An oklob plant (Orc:4)
  A manticore (D:11)
  A sixfirhy (Orc:4)
  A smoke demon (Orc:4)
  An ice statue (IceCv)
  An orange demon (Orc:4)
  A fire drake (D:10)
  11 polar bears (IceCv)
  A two-headed ogre (D:10)
  A troll (D:10)
  Grinder (D:3)
  A trapdoor spider zombie (D:8)
  19 yaks (IceCv)
  A spriggan (D:10)
  Sigmund (D:2)
  6 deep elf magi (Elf:1)
  A hungry ghost (D:6)
  19 wolves
  A hippogriff (D:11)
  Grum (D:8)
  5 deep elf fighters (Elf:1)
  A warg (Orc:3)
  27 orc warriors
  2 slaves (D:4)
  A water moccasin (D:9)
  The ghost of root the Chucker, an amateur OgHu of Gozag (D:3)
  A sky beast (D:11)
  4 phantoms
  A black bear (D:11)
  An ice beast (D:11)
  15 ogres
  4 centaurs
  5 giant frogs
  A big kobold (D:8)
  A water moccasin skeleton (D:10)
  2 scorpions
  18 wights
  10 crimson imps
  2 jellies
  3 giant frog skeletons
  3 hounds
  A quasit (D:8)
  Ijyb (D:2)
  30 orc priests
  2 iguanas
  2 sheep (D:11)
  10 worker ants
  27 orc wizards
  A hound skeleton (D:6)
  14 adders
  8 gnolls
  2 shadow imps
  4 oozes
  3 worms
  166 orcs
  3 ball pythons
  11 bats
  9 goblins
  4 hobgoblins
  19 jackals
  5 quokkas
  4 giant cockroaches
  4 giant geckos
  A giant gecko zombie (D:4)
  2 giant newts
  11 kobolds
  2 quokka skeletons
  A quokka zombie (D:6)
  10 rats
573 creatures vanquished.

Vanquished Creatures (others)
  A deep elf conjurer (Elf:1)
  A slave (D:5)
  A butterfly (D:5)
3 creatures vanquished.

Grand Total: 576 creatures vanquished

Notes
Turn   | Place    | Note
--------------------------------------------------------------
     0 | D:1      | root the Vampire Enchanter began the quest for the Orb.
     0 | D:1      | Reached XP level 1. HP: 13/13 MP: 3/3
   196 | D:1      | Reached XP level 2. HP: 7/19 MP: 3/5
  1184 | D:2      | Reached skill level 5 in Stealth
  1297 | D:2      | Reached XP level 3. HP: 16/24 MP: 6/6
  1631 | D:2      | Noticed Ijyb
  1637 | D:2      | Learned a level 3 spell: Confuse
  1707 | D:2      | Killed Ijyb
  1707 | D:2      | Reached XP level 4. HP: 30/30 MP: 3/7
  1735 | D:2      | HP: 1/30 [worm (12)]
  2066 | D:2      | Noticed Sigmund
  2149 | D:2      | Killed Sigmund
  2149 | D:2      | Reached skill level 6 in Stealth
  2149 | D:2      | Reached skill level 5 in Hexes
  2149 | D:2      | Reached XP level 5. HP: 35/35 MP: 2/9
  2675 | D:3      | Noticed root's ghost (amateur OgHu)
  3285 | D:3      | Reached XP level 6. HP: 41/41 MP: 10/10
  3588 | D:3      | Found an opulent altar of Gozag.
  3741 | D:3      | Killed root's ghost
  3838 | D:3      | Reached skill level 7 in Stealth
  4141 | D:3      | Noticed Grinder
  4178 | D:3      | Paralysed by Grinder for 2 turns
  4186 | D:3      | Killed Grinder
  4186 | D:3      | Reached XP level 7. HP: 46/46 MP: 4/12
  4305 | D:4      | Found a blossoming altar of Fedhas.
  4307 | D:4      | Found a glowing silver altar of Zin.
  4307 | D:4      | Found a glowing golden altar of the Shining One.
  5171 | D:5      | Entered Level 5 of the Dungeon
  5187 | D:5      | Found a shimmering altar of Xom.
  5489 | D:5      | Reached skill level 8 in Stealth
  5490 | D:5      | Noticed Pikel
  5659 | D:5      | Found Qaukhlimm's Elemental Accessories.
  5704 | D:5      | Killed Pikel
  5704 | D:5      | Reached skill level 5 in Short Blades
  5704 | D:5      | Reached skill level 5 in Dodging
  5704 | D:5      | Reached XP level 8. HP: 18/52 MP: 10/14
  6107 | D:5      | Reached skill level 9 in Stealth
  6653 | D:6      | Found a staircase to the Ecumenical Temple.
  6654 | D:6      | Got a polished scale mail
  6665 | D:6      | Identified the cursed +0 scale mail of the Barracuda {rF+ rC- Dex+4} (You found it on level 6 of the Dungeon)
  6840 | Temple   | Entered the Ecumenical Temple
  6883 | Temple   | Became a worshipper of Dithmenos the Shadowed
  6960 | D:6      | Reached XP level 9. HP: 32/57 MP: 10/16
  6985 | D:6      | Reached skill level 5 in Spellcasting
  7335 | D:6      | Reached skill level 10 in Stealth
  7596 | D:7      | Found a white marble altar of Elyvilon.
  7611 | D:7      | Found Ademp's Antique Weapon Shoppe.
  7809 | D:7      | Reached * piety under Dithmenos
  8227 | D:8      | Found a bloodstained altar of Trog.
  8400 | D:8      | Reached skill level 1 in Fighting
  8404 | D:8      | Reached skill level 10 in Hexes
  8458 | D:8      | Noticed Erica
  8476 | D:8      | Killed Erica
  8476 | D:8      | Reached XP level 10. HP: 30/67 MP: 6/18
  9222 | D:8      | Noticed Grum
  9306 | D:8      | Killed Grum
  9527 | D:9      | Reached ** piety under Dithmenos
  9713 | D:9      | Learned a level 2 spell: Ensorcelled Hibernation
  9717 | D:9      | Learned a level 3 spell: Dazzling Spray
  9882 | D:9      | Noticed Erolcha
  9886 | D:9      | Killed Erolcha
  9886 | D:9      | Reached skill level 11 in Hexes
 10181 | D:10     | Entered Level 10 of the Dungeon
 10181 | D:10     | Found a portal to a secret trove of treasure.
 10421 | D:10     | Found a staircase to the Lair.
 10437 | D:10     | Noticed Maud
 10517 | D:10     | Noticed an unseen horror
 10530 | D:10     | Killed an unseen horror
 10706 | D:10     | Reached XP level 11. HP: 77/77 MP: 21/21
 11095 | D:10     | Killed Maud
 11095 | D:10     | Reached *** piety under Dithmenos
 11271 | D:11     | Reached skill level 12 in Hexes
 11552 | D:11     | Noticed a hill giant
 11596 | D:11     | Found a staircase to the Orcish Mines.
 11853 | D:11     | Noticed a hill giant
 11868 | D:11     | Killed a hill giant
 11877 | D:11     | Reached skill level 5 in Fighting
 12109 | D:11     | Reached **** piety under Dithmenos
 12227 | D:11     | Killed a hill giant
 12351 | Orc:1    | Entered Level 1 of the Orcish Mines
 12351 | Orc:1    | Found Raec's Magic Scroll Emporium.
 12448 | Orc:1    | Bought a scroll of identify for 32 gold pieces
 12448 | Orc:1    | Bought a scroll of identify for 32 gold pieces
 12448 | Orc:1    | Bought a scroll of identify for 32 gold pieces
 12448 | Orc:1    | Bought a scroll of identify for 32 gold pieces
 12448 | Orc:1    | Bought a scroll of identify for 32 gold pieces
 12448 | Orc:1    | Bought a scroll of identify for 32 gold pieces
 12456 | Orc:1    | Found a frozen archway.
 12493 | IceCv    | Entered an ice cave
 12758 | IceCv    | Noticed a death yak
 12773 | IceCv    | Killed a death yak
 12773 | IceCv    | Reached XP level 12. HP: 35/87 MP: 8/24
 13040 | IceCv    | Reached skill level 10 in Dodging
 13202 | IceCv    | Reached ***** piety under Dithmenos
 13263 | IceCv    | Reached skill level 13 in Hexes
 13510 | IceCv    | Reached skill level 10 in Short Blades
 14526 | IceCv    | Noticed a death yak
 14526 | IceCv    | Noticed a death yak
 14570 | IceCv    | Noticed 4thArraOfDagon's ghost (journeyman VSWr)
 14570 | IceCv    | Noticed 4thArraOfDagon's ghost (novice MiBe)
 14666 | IceCv    | Killed 4thArraOfDagon's ghost
 14914 | IceCv    | Killed 4thArraOfDagon's ghost
 14934 | IceCv    | Noticed a frost giant
 15015 | IceCv    | Killed a frost giant
 15317 | IceCv    | Killed a death yak
 15431 | IceCv    | Killed a death yak
 17161 | Orc:3    | Found Ryett's Magic Scroll Shop.
 17200 | Orc:3    | Reached XP level 13. HP: 96/96 MP: 17/26
 17223 | Orc:3    | Found Xor Zuel's Assorted Antiques.
 17588 | Orc:3    | Bought a scroll of magic mapping for 42 gold pieces
 17588 | Orc:3    | Bought a scroll of identify for 24 gold pieces
 17588 | Orc:3    | Bought a scroll of identify for 24 gold pieces
 17588 | Orc:3    | Bought a scroll of identify for 24 gold pieces
 17903 | Orc:3    | Found Ziariynk's Food Emporium.
 17947 | Orc:3    | Found Jeidaipe's Antique Weapon Boutique.
 18029 | Orc:3    | Found Huumoceacyx's Antique Weapon Boutique.
 18044 | Orc:3    | Bought a bone blowgun for 210 gold pieces
 18044 | Orc:3    | Identified the +4 blowgun of Calamity {evade, Dex+6} (You bought it in a shop on level 3 of the Orcish Mines)
 18375 | Orc:4    | Entered Level 4 of the Orcish Mines
 18601 | Orc:4    | Reached skill level 14 in Hexes
 18778 | Orc:4    | Found a staircase to the Elven Halls.
 18910 | Orc:4    | Found Lyffyuno's Food Shoppe.
 18912 | Orc:4    | Found Jiunenor's Magic Scroll Emporium.
 19891 | Orc:4    | Found Deyniq's Antique Weapon Shop.
 19891 | Orc:4    | Found Nihara's Gadget Boutique.
 19891 | Orc:4    | Found a one-way gate leading to the halls of Pandemonium.
 19992 | Orc:4    | Bought a scroll of identify for 22 gold pieces
 19992 | Orc:4    | Bought a scroll of identify for 22 gold pieces
 19992 | Orc:4    | Bought a scroll of identify for 22 gold pieces
 20634 | Orc:4    | Reached skill level 10 in Spellcasting
 21083 | Elf:1    | Entered Level 1 of the Elven Halls
 21576 | Elf:1    | Killed from afar by a deep elf conjurer

Action                   |  1- 3 |  4- 6 |  7- 9 | 10-12 | 13-15 || total
-------------------------+-------+-------+-------+-------+-------++-------
Melee: Dagger            |   156 |   205 |   401 |   925 |   532 ||  2219
 Cast: Corona            |    35 |     4 |     9 |     4 |    12 ||    64
       Confuse           |     3 |    22 |    55 |   178 |    74 ||   332
       Dazzling Spray    |       |       |       |    14 |    52 ||    66
Invok: Shadow Step       |       |       |       |     2 |     6 ||     8
Evoke: Wand              |       |       |       |     5 |       ||     5
  Use: Potion            |     2 |     7 |    13 |    23 |    12 ||    57
       Scroll            |       |       |     6 |    13 |     1 ||    20
 Stab: Sleeping          |     1 |    17 |    26 |    58 |    27 ||   129
       Confused          |     1 |     9 |    34 |   129 |    52 ||   225
       Distracted        |       |       |     1 |     6 |     4 ||    11
       Invisible         |       |       |       |     7 |    13 ||    20
